 Dungeon Crawl Stone Soup version 0.30-a0-304-gdc4b735fe1 (webtiles) character file.

Game seed: 7944041650246799755

273 NinjaNoafa the Covert (level 6, 0/32 HPs)
             Began as a Spriggan Delver on Oct 20, 2022.
             Succumbed to a scorpion's poison
             ... on level 6 of the Dungeon.
             The game lasted 00:05:36 (3116 turns).

NinjaNoafa the Covert (Spriggan Delver)             Turns: 3116, Time: 00:05:36

Health: 0/32       AC:  2    Str:  8    XL:     6   Next: 3%
Magic:  7/7        EV: 25    Int: 15    God:
Gold:   232        SH:  0    Dex: 25    Spells: 5/5 levels left

rFire   . . .      SeeInvis +    w - +0 rapier
rCold   . . .      Faith    .    (no shield)
rNeg    . . .      Spirit   .    b - +0 robe
rPois   .          Reflect  .    (helmet restricted)
rElec   .          Harm     .    (no cloak)
rCorr   .          Rampage  .    (gloves unavailable)
Will    +....                    (boots unavailable)
Stlth   +++++.....               r - amulet of Understanding {Acrobat Int+4}
HPRegen 0.25/turn                q - +6 ring of dexterity
MPRegen 0.10/turn                B - +4 ring of evasion

@: lethally poisoned (0 -> -14), hasted, very quick
A: very small, no large weapons, unfitting armour, see invisible, speed 3
a: no special abilities


You were on level 6 of the Dungeon.
You visited 1 branch of the dungeon, and saw 6 of its levels.

You collected 232 gold pieces.

Inventory:

Hand Weapons
 w - a +0 rapier (weapon)
Missiles
 i - 40 stones (quivered)
 j - 6 poisoned darts
 C - 2 boomerangs
Armour
 b - a +0 robe (worn)
Jewellery
 q - a +6 ring of dexterity (left hand)
 r - the amulet of Understanding (around neck) {Acrobat Int+4}
   (You found it on level 2 of the Dungeon)

   [amulet of the acrobat]

   It increases your evasion while moving and waiting.
   Int:       It affects your intelligence (+4).
 t - a ring of ice
 B - a +4 ring of evasion (right hand)
 D - a ring of protection from cold
Wands
 g - a wand of digging (3)
Scrolls
 c - 2 scrolls of fog
 d - a scroll of magic mapping
 e - 2 scrolls of fear
 h - 2 scrolls of poison {unknown}
 k - 2 scrolls of enchant weapon {unknown}
 l - 4 scrolls of amnesia {unknown}
 o - a scroll of vulnerability {unknown}
 p - a scroll of blinking {unknown}
 x - 4 scrolls of identify {unknown}
 y - 2 scrolls of teleportation {unknown}
 E - a scroll of acquirement {unknown}
Potions
 a - a potion of ambrosia {unknown}
 f - 2 potions of haste
 m - a potion of flight {unknown}
 s - 2 potions of attraction {unknown}
 u - 3 potions of curing {unknown}
 v - 2 potions of invisibility {unknown}
 z - a potion of heal wounds {unknown}
 A - a potion of mutation {unknown}
Miscellaneous
 n - a piece from Xom's chessboard (15/15)


   Skills:
 + Level 3.5 Fighting
 + Level 3.9 Short Blades
 + Level 4.8 Dodging
 + Level 8.6 Stealth


You had 5 spell levels left.
You didn't know any spells.
Your spell library was empty.

Dungeon Overview and Level Annotations

Branches:
Dungeon (6/15)             Temple (0/1) D:4

Altars:
Elyvilon
Fedhas
Okawaru
Ru
Xom

Shops:
D:1 !   D:6 *


Innate Abilities, Weirdness & Mutations

You are very small and have problems with some larger weapons.
You are too small for most types of armour.
You have supernaturally acute eyesight. (SInv)
You cover ground extremely quickly. (Speed+++)


Message History

The orc priest is almost dead.
The orc priest invokes the aid of Beogh against you.
Pain shoots through your body!
You hit the orc priest but do no damage.
The orc priest is almost dead.
The orc priest mumbles some strange prayers to Beogh against you.
Beogh smites you! The orc priest closely misses you.
You hit the orc priest.
You kill the orc priest!
The orc misses you. The orc hits you with a +0 mace.
* * * LOW HITPOINT WARNING * * *
The orc warrior shoots a bolt.
The bolt barely misses you.
You have reached level 6!
There is a stone staircase leading down here.
The orc closely misses you.
You climb downwards.
There is a stone staircase leading up here.
Okay, then.
The orc completely misses you.
An adder and an ice beast come into view.
Found a sedimented yellow potion and a dagger.
The adder hisses angrily.
A scorpion comes into view.
Found 12 gold pieces.
You feel yourself speed up.
Found a stone staircase leading down.
The scorpion completely misses you.
Found a stone staircase leading up.
Found Mytwas's General Store.
There is a stone staircase leading up here.
A scorpion comes into view.
Found a scroll labelled WOYNYHISCHI.
There is an entrance to Mytwas's General Store here.
The scorpion stings you!
* * * LOW HITPOINT WARNING * * *
You are lethally poisoned!
The scorpion poisons you!
You hit the scorpion.
The scorpion is moderately wounded.
You die...

#.<.............
##.#.♣.♣.♣.♣...
#.#....⌠.......
#.#.♣.♣.♣.♣....
#.#..⌠.∩.⌠.....
#...♣.♣.♣.♣....
#.#....⌠.......
#...♣.♣.♣.♣....
###...@s....###
###.###..##
#......#
######.# #


You could see a scorpion.

Vanquished Creatures
  A phantom (D:4)
  An orc priest (D:5)
  An iguana (D:4)
  7 adders
  2 worms
  3 dart slugs
  7 orcs (D:4)
  5 endoplasms
  2 giant cockroaches
  7 goblins
  4 hobgoblins
  2 jackals (D:3)
  2 quokkas
  5 ball pythons
  6 bats
  A frilled lizard (D:1)
  5 kobolds
  5 rats (D:1)
  2 butterflies (D:3)
68 creatures vanquished.

Notes
Turn   | Place    | Note
-------+----------+-------------------------------------------
     0 | D:5      | NinjaNoafa the Spriggan Delver began the quest for the Orb.
     0 | D:5      | Reached XP level 1. HP: 11/11 MP: 2/2
    34 | D:5      | Reached XP level 2. HP: 11/16 MP: 3/3
   108 | D:5      | Noticed an orc warrior
   178 | D:4      | Reached XP level 3. HP: 19/19 MP: 4/4
   304 | D:3      | Reached XP level 4. HP: 23/23 MP: 5/5
   328 | D:3      | Found an iron altar of Okawaru.
   678 | D:3      | Found a white marble altar of Elyvilon.
   822 | D:3      | Found a shimmering altar of Xom.
   857 | D:3      | Found a blossoming altar of Fedhas.
   874 | D:3      | Reached skill level 8 in Stealth
  1070 | D:2      | Identified the amulet of Understanding {Acrobat Int+4}
  1799 | D:1      | Found Imif's Distillery.
  1816 | D:1      | Reached XP level 5. HP: 28/28 MP: 6/6
  2243 | D:4      | Found a staircase to the Ecumenical Temple.
  2323 | D:4      | Found a sacrificial altar of Ru.
  2891 | D:4      | Noticed a phantom
  2912 | D:4      | Killed a phantom
  3067 | D:5      | Reached XP level 6. HP: 4/32 MP: 7/7
  3070 | D:6      | Noticed a steam dragon
  3072 | D:6      | Noticed an ice beast
  3102 | D:6      | Found Mytwas's General Store.
  3116 | D:6      | Succumbed to a scorpion's poison

Illustrated notes

Levels and vault maps discovered:
D:1:      minmay_arrival_solitary_statue, layout_rooms, serial_shops,
          nicolae_shop_waterfront, minivault_19, hex_large, hangedman_decor_push
D:2:      layout_rooms
D:3:      layout_basic, elyvilon_altar_5, fedhas_altar_3,
          mainiacjoe_overflow_paths, xom_butterflies
D:4:      layout_basic, mainiacjoe_overflow_brackets,
          minmay_temple_entry_antechambers, chequers_ossuary_entry_cave,
          ebering_dispersal_statue_hall
D:5:      layout_gridville, uniq_sigmund
D:6:      layout_basic, makhleb_altar_promises_db, mainiacjoe_overflow_alcove_1,
          minmay_shop_grid_forest, st_stairs_12, chequers_serial_rivers_large_b,
          kennysheep_generic_room_3, uniq_duvessa

Skill      XL: |  1  2  3  4 |
---------------+-------------+-----
Dodging        | 3 4 |  4.8
Short Blades   | 3 |  3.9
Fighting       | 3 |  3.5
Stealth        | 8 |  8.6

Action                   |  1- 3 |  4- 6 || total
-------------------------+-------+-------++-------
Melee: Short sword       |    33 |    58 ||    91
       Rapier            |       |   101 ||   101
       Punch             |       |     1 ||     1
  Use: Potion            |       |     1 ||     1
 Stab: Sleeping          |     5 |    19 ||    24
       Distracted        |     1 |       ||     1
Armor: Robe              |     6 |     6 ||    12
Dodge: Dodged            |    23 |   152 ||   175

Table legend: (Time is in decaauts)
 A = Elapsed time spent in this place.
 B = Non-inter-level travel time spent in this place.
 C = Inter-level travel time spent in this place.
 D = Time resting spent in this place.
 E = Time spent auto-exploring this place.
 F = Levels seen in this place.
 G = Mean time per level.
                   A        B        C        D        E       F      G
               +--------+--------+--------+--------+--------+-----+--------+
         Total |   2050 |   1928 |    122 |      0 |   1404 |   6 |  341.7 |
       Dungeon |   2050 |   1928 |    122 |      0 |   1404 |   6 |  341.7 |
               +--------+--------+--------+--------+--------+-----+--------+

Top non-repeatable levels by time:
     D:4: 629 daAuts
     D:3: 549 daAuts
     D:1: 354 daAuts
     D:2: 353 daAuts
     D:5: 141 daAuts
     D:6: 22 daAuts
